[Event "Late-Titled-Tuesday-Blitz-February-06-2024"]
[Site "Chess.com"]
[Date "2024.02.06"]
[Round "5"]
[White "Chempiblinka"]
[Black "Bryanl106"]
[Result "1/2-1/2"]
[WhiteElo "2354"]
[BlackElo "2540"]
[TimeControl "180+1"]
[EndTime "14:54:24 PST"]
[Termination "Game drawn by repetition"]

1. Nf3 Nf6 2. g3 g6 3. Bg2 Bg7 4. O-O O-O 5. c4 d6 6. d4 Nc6 7.
Nc3 Bg4 8. e3 e5 9. h3 Bxf3 10.
Bxf3 Nd7 11. d5 Ne7 12. Bg2 f5 13. f4 e4 14. Rb1 c5 15. dxc6 Nxc6 16. Qxd6 Nb6 17.
Qc5 Qe7 18. Qxe7 Nxe7 19. Nb5 Nxc4 20. b3 Nb6 21. Nd6 Rab8 22. Ba3 Ned5 23. Rfe1 a6 24. Bf1 Rfd8 25. Rbc1 Bf8 26. Nc4 Nxc4 27. Bxf8 Ncxe3 28. Bc5 Nxf1 29. Kxf1 Rbc8 30. Ba3 b5 31. Bb2 Nb4 32. Rxc8 Rxc8 33. Be5 Nd3 34. Rd1 Rc2 35. a4 Rf2+ 36.
Kg1 Ra2 37. axb5 axb5 38. Bd6 e3 39. Rxd3 Ra1+ 40. Kg2 e2 41. Bb4 e1=Q 42. Bxe1 Rxe1 43. Rd5 b4 44. Rb5 Re4 45. Kf2 Kg7 46. Rb6 h5 47.
Rb7+ Kf6 48. h4 Rd4 49. Rb5 Re4 50. Rb6+ Kg7 51. Kf3 Rd4 52. Ke3 Re4+ 53. Kf3 Kh6 54. Rb5 Kh7 55. Rb6 Kg7 56. Kf2 Kf7 57. Kf3 Rd4 58.
Ke3 Re4+ 59. Kf3 Kg7 60. Kf2 Rd4 61. Ke3 Re4+ 62. Kf3 1/2-1/2

[Event "Late-Titled-Tuesday-Blitz-February-06-2024"]
[Site "Chess.com"]
[Date "2024.02.06"]
[Round "5"]
[White "morte-negra"]
[Black "smotherhubbard"]
[Result "0-1"]
[WhiteElo "2016"]
[BlackElo "2372"]
[TimeControl "180+1"]
[EndTime "14:54:24 PST"]
[Termination "smotherhubbard won on time"]

1. e4 e6 2. d4 d5 3. e5 c5 4.
c3 Nc6 5. Nf3 Bd7 6. Bd3 cxd4 7.
O-O Qb6 8. Re1 Nge7 9. a3 a6 10.
b4 Ng6 11. h4 Be7 12. h5 Nh4 13. g3 Nxf3+ 14. Qxf3 O-O 15. h6 g6 16. Qg4 f6 17.
Bxg6 Kh8 18. Bxh7 Rg8 19. Bxg8 Rxg8 20. Qh5 Be8 21. Qh3 Nxe5 22. Qg2 Bh5 23. Rxe5 fxe5 24. Bd2 e4 25. cxd4 Bf3 26. Qh3 Bf6 27. Bc3 Bxd4 28. Bxd4+ Qxd4 29. Nd2 Qxa1+ 0-1

[Event "Late-Titled-Tuesday-Blitz-February-06-2024"]
[Site "Chess.com"]
[Date "2024.02.06"]
[Round "5"]
[White "AlexeiShirov"]
[Black "ValeriyGrinev"]
[Result "1-0"]
[WhiteElo "2793"]
[BlackElo "2546"]
[TimeControl "180+1"]
[EndTime "14:54:29 PST"]
[Termination "AlexeiShirov won by resignation"]

1. e4 c5 2. Nf3 e6 3. d4 cxd4 4. Nxd4 a6 5. c4 Nf6 6. Nc3 Qc7 7. a3 b6 8. Be3 Bb7 9. f3 d6 10. Rc1 Be7 11. g4 h6 12. h4 Nbd7 13. Rg1 Ne5 14. g5 hxg5 15. hxg5 Nh5 16. f4 Nd7 17. f5 Nc5 18.
fxe6 fxe6 19. b4 O-O-O 20. Qg4 Nd7 21. Nxe6 Ne5 22. Qh3 Qd7 23. Nxd8 Bxd8 24. Qxd7+ Kxd7 25. Be2 g6 26. Nd5 Bxd5 27. cxd5 b5 28. Bd4 Re8 29. Bxh5 gxh5 30. Bxe5 Rxe5 31. g6 Rxe4+ 32. Kd2 Re8 33. Rcf1 Rg8 34. Rf7+ Ke8 35. Re1+ 1-0

[Event "Late-Titled-Tuesday-Blitz-February-06-2024"]
[Site "Chess.com"]
[Date "2024.02.06"]
[Round "5"]
[White "TheAlienParty"]
[Black "Canal_Showdrez"]
[Result "1-0"]
[WhiteElo "2381"]
[BlackElo "2045"]
[TimeControl "180+1"]
[EndTime "14:54:29 PST"]
[Termination "TheAlienParty won by checkmate"]

1. c4 Nf6 2. Nc3 g6 3. g3 Bg7 4. Bg2 O-O 5. e3 e5 6. Nge2 d6 7. O-O c6 8. d4 exd4 9. Nxd4 Nbd7 10. b3 Nc5 11. Bb2 Ne6 12. Qd2 Nxd4 13. Qxd4 Ng4 14.
Qd2 Qe7 15. Rad1 Rd8 16. Ba3 c5 17. Nd5 Qf8 18. Nc7 Rb8 19. Bxc5 Ne5 20. Bxd6 Rxd6 21. Qxd6 Bg4 22. Qxf8+ Kxf8 23. f3 Bf5 24. e4 Bd7 25. f4 Bg4 26. fxe5 Bxd1 27. Rxd1 Bxe5 28. Rd7 b6 29.
Na6 Rc8 30. Bh3 Re8 31. Kf2 Kg7 32. Kf3 h6 33. Rxa7 Kf6 34. Nb4 Kg5 35. Nd5 f5 36. exf5 gxf5 37. Ra6 b5 38. cxb5 Rd8 39. Nf4 Rc8 40.
Rg6# 1-0

[Event "Late-Titled-Tuesday-Blitz-February-06-2024"]
[Site "Chess.com"]
[Date "2024.02.06"]
[Round "5"]
[White "inagreV"]
[Black "maurovargas01"]
[Result "1-0"]
[WhiteElo "2346"]
[BlackElo "1900"]
[TimeControl "180+1"]
[EndTime "14:54:31 PST"]
[Termination "inagreV won by checkmate"]

1. d4 d5 2. c4 e6 3. Nc3 c6 4. e4 dxe4 5. Nxe4 Bb4+ 6. Bd2 Bxd2+ 7. Qxd2 Nf6 8. Nc3 O-O 9. Nf3 Nbd7 10. Bd3 Qc7 11.
O-O c5 12. d5 a6 13. d6 Qb6 14. Rad1 Kh8 15. Bb1 Qd8 16. Rfe1 b6 17. Qf4 Bb7 18.
Ng5 Qe8 19. Re3 h6 20. Rh3 e5 21. Qe3 Kg8 22. Nf3 Ng4 23. Qe2 f5 24. Nd5 Qg6 25. Ne7+ Kf7 26. Nxg6 Kxg6 27. Nh4+ Kh7 28. Nxf5 Kg8 29.
Qxg4 Nf6 30. Qxg7# 1-0

[Event "Late-Titled-Tuesday-Blitz-February-06-2024"]
[Site "Chess.com"]
[Date "2024.02.06"]
[Round "5"]
[White "andrzej"]
[Black "GothamChess"]
[Result "0-1"]
[WhiteElo "2444"]
[BlackElo "2699"]
[TimeControl "180+1"]
[EndTime "14:54:32 PST"]
[Termination "GothamChess won by resignation"]

1. e4 d5 2. exd5 Qxd5 3. Nc3 Qa5 4. d4 Nf6 5. Nf3 Bf5 6. Bc4 e6 7. Bd2 Bb4 8. Ne5 O-O 9. g4 Be4 10. f3 Bd5 11. Nxd5 exd5 12. Bd3 Qb6 13. c3 Bd6 14. Qb3 Nc6 15. Nxc6 bxc6 16. O-O c5 17. Qxb6 axb6 18. Bg5 cxd4 19. Bxf6 gxf6 20. cxd4 Ra4 21.
Rfd1 Rxd4 22. Bxh7+ Kxh7 23. Rxd4 Bc5 24. Rd1 Ra8 25. Kf1 Bxd4 26. Rxd4 Rxa2 27. b4 Rb2 28. h4 c6 29. Ke1 b5 30. f4 Rc2 31. Rd2 Rc4 32.
Rb2 Rxf4 0-1

[Event "Late-Titled-Tuesday-Blitz-February-06-2024"]
[Site "Chess.com"]
[Date "2024.02.06"]
[Round "5"]
[White "HaryKane"]
[Black "CFalcons8"]
[Result "1-0"]
[WhiteElo "2567"]
[BlackElo "2373"]
[TimeControl "180+1"]
[EndTime "14:54:33 PST"]
[Termination "HaryKane won by resignation"]

1. c4 e6 2. Nf3 d5 3. cxd5 exd5 4.
g3 Nf6 5. Bg2 Be7 6. O-O Be6 7.
d3 Nbd7 8. Nbd2 c5 9. Nb3 h6 10. Bf4 O-O 11. Rc1 a5 12. Ne5 Nxe5 13. Bxe5 Nd7 14. Bf4 a4 15. Na1 b5 16. e4 dxe4 17.
Bxe4 Ra7 18. b3 axb3 19. axb3 f5 20. Bg2 g5 21. Re1 Qb6 22. Be3 Qd6 23. d4 f4 24.
Bd2 cxd4 25. Bb4 Qxb4 26. Rxe6 Bf6 27. Qh5 Bg7 28. Bd5 Nf6 29. Rxf6+ Kh7 30. Be4+ Kg8 31. Bd5+ Kh7 32. Qg6+ Kh8 33. Rxf8+ Qxf8 1-0

[Event "Late-Titled-Tuesday-Blitz-February-06-2024"]
[Site "Chess.com"]
[Date "2024.02.06"]
[Round "5"]
[White "maciek_92"]
[Black "Beca95"]
[Result "1-0"]
[WhiteElo "2824"]
[BlackElo "2947"]
[TimeControl "180+1"]
[EndTime "14:54:34 PST"]
[Termination "maciek_92 won on time"]

1. c4 e5 2. Nc3 Bb4 3. Qb3 a5 4. g3 Nc6 5. Bg2 d6 6. a3 Bxc3 7. Qxc3 f5 8. Nf3 Nf6 9. O-O O-O 10. d3 h6 11. Bd2 a4 12. d4 e4 13.
Ne1 d5 14. e3 Be6 15. cxd5 Nxd5 16. Qc1 g5 17. f3 exf3 18. Nxf3 Nf6 19. Qc2 Ne4 20.
Rae1 Bb3 21. Qd3 Qd7 22. Bc3 Qe6 23. Nd2 Bd5 24. Nxe4 fxe4 25. Qd1 Bc4 26. Rxf8+ Rxf8 27. Qxa4 b5 28. Qc2 Bd3 29. Qd1 Qf5 30. Qh5 Kh7 31. h4 Qf2+ 32. Kh2 Rf5 33. d5 Ne5 34. Bxe5 Rxe5 35.
Rc1 Bc4 36. b3 Qb2 37. bxc4 gxh4 38. Qf7+ Kh8 39. Rf1 hxg3+ 40. Kh3 1-0

[Event "Late-Titled-Tuesday-Blitz-February-06-2024"]
[Site "Chess.com"]
[Date "2024.02.06"]
[Round "5"]
[White "gurudub"]
[Black "tactic"]
[Result "0-1"]
[WhiteElo "2116"]
[BlackElo "2652"]
[TimeControl "180+1"]
[EndTime "14:54:34 PST"]
[Termination "tactic won on time"]

1. e4 c5 2. Nf3 b6 3. d4 cxd4 4. Nxd4 Bb7 5. Nc3 a6 6. Bc4 e6 7. Qe2 b5 8. Bb3 Bc5 9. Be3 Qb6 10. O-O-O Ne7 11. Kb1 Nbc6 12. Nxc6 Bxc6 13. Bxc5 Qxc5 14.
Qg4 O-O 15. Ne2 a5 16. c3 f5 17. exf5 Nxf5 18. Nd4 Nxd4 19. cxd4 Qf5+ 20. Qxf5 Rxf5 21.
Bc2 Rxf2 22. Rhe1 Rxg2 23. h4 Rf8 24. Bb3 Rff2 25. d5 Rxb2+ 26. Ka1 Bxd5 27. Bxd5 exd5 28. Rxd5 Rxa2+ 29. Kb1 Rgb2+ 30. Kc1 Ra1+ 31. Kxb2 Rxe1 32. Rxb5 Re4 33. h5 a4 34. Ka3 Kf7 35. Rd5 Ke6 36. Ra5 d5 37. Ra7 Kf6 38.
Ra6+ Kg5 39. Ra5 Rd4 40. Ra7 Kh6 41. Rd7 g6 42. hxg6 hxg6 43. Rd6 Kh5 44. Kb2 g5 45. Kc3 Rc4+ 46. Kd3 Rc5 47. Kd4 Ra5 0-1

[Event "Late-Titled-Tuesday-Blitz-February-06-2024"]
[Site "Chess.com"]
[Date "2024.02.06"]
[Round "5"]
[White "vanyakuba"]
[Black "FrenchHarvey"]
[Result "0-1"]
[WhiteElo "2356"]
[BlackElo "2688"]
[TimeControl "180+1"]
[EndTime "14:54:35 PST"]
[Termination "FrenchHarvey won by checkmate"]

1. e4 c5 2. c3 d5 3. exd5 Qxd5 4. d4 Nc6 5. Nf3 Bf5 6. Be3 cxd4 7. cxd4 Bxb1 8. Qxb1 e6 9. a3 Nf6 10. Bd3 Bd6 11. O-O h6 12. b4 O-O 13. Qa2 Qh5 14.
Qe2 Nd5 15. Rac1 Rac8 16. g3 Nf6 17. Kg2 Ne7 18. Nd2 Qxe2 19. Bxe2 Ned5 20. Nc4 Bb8 21. Bf3 b6 22. Bd2 Rfd8 23. Ne5 Ne7 24. Be3 Nf5 25. Nc6 Re8 26. Nxb8 Rxb8 27. Rc7 Rbc8 28. Rfc1 Rcd8 29. Rxa7 Nxd4 30. Bxd4 Rxd4 31. Rcc7 Rf8 32. Rcb7 e5 33. Rxb6 e4 34. Be2 Rd2 35. Kf1 Rc8 36. Rbb7 Rc1+ 37. Kg2 Rxe2 38. Rxf7 Ne8 39. Rfe7 Rc8 40. b5 Rb2 41. a4 e3 42. Rxe3 Nd6 43. Ree7 Nf5 44. Rf7 g6 45. Rfc7 Rf8 46. Kh3 Rxf2 47. b6 h5 48. b7 g5 49. g4 Rf3+ 50. Kg2 Nh4+ 51. Kg1 Rf1# 0-1

[Event "Late-Titled-Tuesday-Blitz-February-06-2024"]
[Site "Chess.com"]
[Date "2024.02.06"]
[Round "5"]
[White "OneTrickPony_82"]
[Black "Ready4abattle"]
[Result "1/2-1/2"]
[WhiteElo "2533"]
[BlackElo "2320"]
[TimeControl "180+1"]
[EndTime "14:54:36 PST"]
[Termination "Game drawn by repetition"]

1. e4 c5 2. Nf3 Nc6 3. Bb5 e6 4. O-O Nge7 5. Re1 a6 6. Bf1 d5 7. exd5 Nxd5 8. d4 Nf6 9. dxc5 Qxd1 10. Rxd1 Bxc5 11. Nbd2 Bd7 12. h3 O-O 13. a3 Rfd8 14.
b4 Ba7 15. c4 Nd4 16. Bb2 Ba4 17. Rdc1 Nxf3+ 18. Nxf3 Ne4 19. c5 Nd2 20. Nxd2 Rxd2 21.
Bc3 Rd7 22. Be2 Rad8 23. Bf3 Bb8 24. Kf1 Bf4 25. Rcb1 Bb5+ 26. Ke1 f6 27. a4 Bc6 28. Bxc6 bxc6 29. Rd1 Kf7 30. Rxd7+ Rxd7 31. Ke2 Ke7 32. g3 Bc7 33. Rd1 Rd5 34. Rxd5 exd5 35. g4 Ke6 36. Ke3 g6 37. f3 f5 38. f4 h5 39.
gxh5 gxh5 40. Bd4 Bd8 41. Bc3 Bc7 42. Bd4 Bd8 43. Bc3 Bc7 1/2-1/2

[Event "Late-Titled-Tuesday-Blitz-February-06-2024"]
[Site "Chess.com"]
[Date "2024.02.06"]
[Round "5"]
[White "Arman_Hakemi"]
[Black "TigrVShlyape"]
[Result "0-1"]
[WhiteElo "2664"]
[BlackElo "2929"]
[TimeControl "180+1"]
[EndTime "14:54:38 PST"]
[Termination "TigrVShlyape won by resignation"]

1. d4 f5 2. Nf3 Nf6 3. g3 g6 4. Bg2 Bg7 5. O-O O-O 6. b3 d5 7. c4 c6 8. Nc3 Ne4 9. Bb2 a5 10.
e3 Na6 11. Qe2 Be6 12. Rfd1 Kh8 13. Rac1 Nc7 14. Ne5 Qd6 15. cxd5 cxd5 16. Nb5 Nxb5 17. Qxb5 Qb4 18. Bf1 Qxb5 19. Bxb5 Rfc8 20. Ba3 Nc3 21. Rxc3 Rxc3 22. Bxe7 Rac8 23. Kg2 Rc1 24. Rd3 R8c3 25. Rxc3 Rxc3 26. b4 axb4 27. Bxb4 Rc2 28. a4 Bxe5 29. dxe5 g5 30. Be7 g4 31. Kf1 Kg8 32. Ke1 Kf7 33.
Bb4 Rc1+ 34. Kd2 Rh1 35. a5 Rxh2 36. Ke2 Rh1 37. a6 bxa6 38. Bxa6 Bd7 39. Bd6 Ke6 40. Bd3 Ra1 41. Kd2 Ra2+ 42. Ke1 Rb2 43. Be2 Bb5 44. Bd1 h5 45. Bc7 Bd3 46. Bd6 Be4 47. Bc7 Bf3 48. Ba4 Re2+ 49. Kf1 Ra2 0-1

[Event "Late-Titled-Tuesday-Blitz-February-06-2024"]
[Site "Chess.com"]
[Date "2024.02.06"]
[Round "5"]
[White "koncheto"]
[Black "HanSchut"]
[Result "1-0"]
[WhiteElo "2502"]
[BlackElo "2252"]
[TimeControl "180+1"]
[EndTime "14:54:38 PST"]
[Termination "koncheto won by resignation"]

1. e4 c5 2. Nf3 d6 3. d4 cxd4 4. Nxd4 Nf6 5. f3 e5 6. Nb3 d5 7. Bg5 Be6 8. Bxf6 gxf6 9. exd5 Qxd5 10. Qxd5 Bxd5 11. Nc3 Bb4 12. O-O-O Bxb3 13. axb3 Bxc3 14. bxc3 Ke7 15. Bd3 Rc8 16. Kb2 Nc6 17. Bxh7 Rc7 18. Be4 Rac8 19. h4 Nd8 20. h5 Ne6 21. h6 Rh8 22. g3 Ng5 23. Bd5 f5 24. f4 exf4 25.
gxf4 Ne4 26. Rde1 Kf6 27. Bxe4 fxe4 28. Rxe4 Kg6 29. Rd4 f6 30. Rd6 Rf7 31. c4 Rxh6 32. Rxh6+ Kxh6 33. Kc3 Kg6 34. Rd5 b6 35. c5 bxc5 36.
Rxc5 Re7 37. f5+ Kg5 38. Ra5 Re5 39. Rxa7 Kxf5 40. b4 Ke4 41. Ra5 f5 42. Rxe5+ Kxe5 43. Kd2 Kf4 44. b5 Kg3 45. b6 f4 46. b7 1-0

[Event "Late-Titled-Tuesday-Blitz-February-06-2024"]
[Site "Chess.com"]
[Date "2024.02.06"]
[Round "5"]
[White "akinov-akinseye"]
[Black "Boninknights"]
[Result "0-1"]
[WhiteElo "1904"]
[BlackElo "2346"]
[TimeControl "180+1"]
[EndTime "14:54:39 PST"]
[Termination "Boninknights won by checkmate"]

1. e4 e5 2. Nf3 Qe7 3. Bc4 g6 4. Nc3 c6 5. d3 Bg7 6. Bg5 Nf6 7. Bb3 h6 8. Bh4 d6 9. Bg3 Be6 10. Qe2 Nbd7 11. d4 Bxb3 12. axb3 Nh5 13. dxe5 dxe5 14.
Qe3 a6 15. Na4 O-O 16. O-O Nf4 17. Nb6 Nxb6 18. Qxb6 Rad8 19. Rad1 Ne2+ 20. Kh1 f5 21. exf5 gxf5 22. Qe3 Nxg3+ 23. hxg3 f4 24. gxf4 Rxf4 25. Rfe1 Rxd1 26. Rxd1 Qf6 27. c3 e4 28. Nd4 Rxf2 29.
Nf3 Rxb2 30. Qxe4 Rxb3 31. Qe8+ Kh7 32. Qe4+ Qg6 33. Qf4 Rb2 34. Rd6 Qxg2# 0-1

[Event "Late-Titled-Tuesday-Blitz-February-06-2024"]
[Site "Chess.com"]
[Date "2024.02.06"]
[Round "5"]
[White "Igor_Lysyj"]
[Black "DenLaz"]
[Result "0-1"]
[WhiteElo "2881"]
[BlackElo "3053"]
[TimeControl "180+1"]
[EndTime "14:54:40 PST"]
[Termination "DenLaz won by resignation"]

1. d4 Nf6 2. c4 e6 3. Nf3 d5 4. g3 Bb4+ 5. Bd2 Be7 6. Bg2 O-O 7. O-O Nbd7 8. Qc2 c6 9. Rd1 a5 10. Be1 Ne4 11. Nc3 f5 12. e3 Qe8 13. a3 g5 14. Ne2 Qh5 15. b4 Nb6 16. cxd5 exd5 17. bxa5 Nc4 18. Bb4 Bxb4 19. axb4 f4 20. exf4 Bg4 21.
Qc3 Rf6 22. Qd3 Rh6 23. h3 Bxh3 24. fxg5 Bxg2 25. Nh4 Nxf2 26. Kxf2 Be4 27. Qc3 Qxg5 28. Rh1 Rf8+ 29. Nf4 Bxh1 30. Rxh1 Rxf4+ 31. gxf4 Qxf4+ 32. Kg2 Rxh4 33. Rxh4 Qxh4 34. Qf3 Qe4 35. Qxe4 dxe4 36. d5 cxd5 0-1

[Event "Late-Titled-Tuesday-Blitz-February-06-2024"]
[Site "Chess.com"]
[Date "2024.02.06"]
[Round "5"]
[White "BilodeauA"]
[Black "ukchessbomber"]
[Result "1-0"]
[WhiteElo "2976"]
[BlackElo "2663"]
[TimeControl "180+1"]
[EndTime "14:54:40 PST"]
[Termination "BilodeauA won on time"]

1. e4 b6 2. Nf3 Bb7 3. Nc3 e6 4. d4 d6 5. Bd3 Nd7 6. Be3 g6 7.
Qd2 Bg7 8. h4 h6 9. O-O-O Ngf6 10. Kb1 a6 11. d5 Ng4 12. dxe6 fxe6 13. Bc4 Qe7 14. Bd4 Nde5 15. Nxe5 Nxe5 16. Be2 c5 17. Be3 O-O-O 18. f4 Nc6 19. h5 gxh5 20.
Rxh5 Nd4 21. Rdh1 Kb8 22. g4 Nxe2 23. Nxe2 Bxe4 24. Rg1 d5 25. Ng3 Bg6 26. Rh2 Rhf8 27. f5 exf5 28. Bf4+ Ka8 29. Re2 Qd7 30. Rge1 Rde8 31.
gxf5 Rxe2 32. Qxe2 Bxf5 33. Nxf5 Kb7 34. Nd6+ Ka7 35. Bh2 Bf6 36. a3 h5 37. Qxh5 Rh8 38. Qg6 Bxb2 39. Kxb2 Rxh2 40. Re7 1-0

[Event "Late-Titled-Tuesday-Blitz-February-06-2024"]
[Site "Chess.com"]
[Date "2024.02.06"]
[Round "5"]
[White "AryanTari"]
[Black "manitodeplomo"]
[Result "1-0"]
[WhiteElo "2920"]
[BlackElo "2621"]
[TimeControl "180+1"]
[EndTime "14:54:40 PST"]
[Termination "AryanTari won by checkmate"]

1. g3 c5 2. c4 Nc6 3. Bg2 g6 4. Nc3 Bg7 5. d3 e6 6. h4 h6 7. h5 g5 8. f4 f5 9. Bxc6 bxc6 10. Nf3 g4 11. Nh4 Ne7 12. e4 O-O 13. Be3 Qa5 14.
Qd2 Rb8 15. Rc1 d5 16. Bf2 fxe4 17. dxe4 d4 18. Nd1 Qxa2 19. e5 Ba6 20. Qe2 Rb4 21.
Qxg4 Bxc4 22. Ng6 Nxg6 23. Qxg6 Bd5 24. O-O Qb3 25. Qg4 Qd3 26. Rxc5 Qe4 27. Qh3 Rfb8 28. g4 Rb3 29. Qh2 Rd3 30. Bh4 Rbb3 31. Nf2 Qe3 32.
g5 Rd2 33. gxh6 Bxh6 34. Rxd5 cxd5 35. Qg2+ Kh8 36. Bf6+ Kh7 37. Qg6# 1-0

[Event "Late-Titled-Tuesday-Blitz-February-06-2024"]
[Site "Chess.com"]
[Date "2024.02.06"]
[Round "5"]
[White "DeArron_Fox"]
[Black "aleksanchess"]
[Result "1-0"]
[WhiteElo "2494"]
[BlackElo "2226"]
[TimeControl "180+1"]
[EndTime "14:54:40 PST"]
[Termination "DeArron_Fox won by resignation"]

1. d4 d5 2. c4 e6 3. Nc3 c6 4. e3 Bd6 5. Nf3 f5 6. Ne5 Nd7 7. f4 Ngf6 8. Be2 O-O 9. O-O Ne4 10. Nxe4 fxe4 11. Bd2 Nf6 12. a3 c5 13. Bc3 cxd4 14. Bxd4 b6 15. cxd5 exd5 16. Rc1 Bb7 17. Bg4 Ba6 18.
Be6+ Kh8 19. Nf7+ Rxf7 20. Bxf7 Bxf1 21. Qxf1 Rc8 22. Bxf6 gxf6 23. Bxd5 Bc5 24. Rd1 Bxe3+ 25. Kh1 Qe7 26. Re1 Rd8 27. Qc4 Qd6 28. Bxe4 Qxf4 29. Qf7 Qxe4 30. Qxf6+ Kg8 31. Qxd8+ Kg7 32. Qc7+ Kg6 33.
Qg3+ Kf5 34. Qxe3 Qg4 35. Qf3+ 1-0

[Event "Late-Titled-Tuesday-Blitz-February-06-2024"]
[Site "Chess.com"]
[Date "2024.02.06"]
[Round "5"]
[White "thesupera12"]
[Black "kekic76"]
[Result "1/2-1/2"]
[WhiteElo "2512"]
[BlackElo "2380"]
[TimeControl "180+1"]
[EndTime "14:54:41 PST"]
[Termination "Game drawn - insufficient material"]

1. e4 e6 2. d4 d5 3. Nd2 c5 4. exd5 Qxd5 5. dxc5 Bxc5 6. Qf3 Qxf3 7. Ngxf3 a6 8. Bd3 Nc6 9. Ne4 Be7 10. O-O Nb4 11. Rd1 Nxd3 12. Rxd3 Nf6 13. Nd6+ Bxd6 14. Rxd6 Ke7 15.
Rb6 Nd5 16. Rb3 f6 17. c4 Nc7 18. Bf4 e5 19. Be3 Ne6 20. Nd2 Rd8 21. Ne4 Nd4 22. Bxd4 Rxd4 23. Nc5 Rxc4 24. Nxb7 Rb8 25. Na5 Rxb3 26.
Nxc4 Rd3 27. h3 Be6 28. Ne3 Rd2 29. b4 f5 30. a4 f4 31. Ng4 Bxg4 32. hxg4 Rb2 33.
b5 axb5 34. a5 Rd2 35. a6 Rd8 36. Ra5 Ra8 37. Rxb5 Rxa6 38. Rxe5+ Re6 39. Rf5 Rf6 40. Ra5 h6 41. Kh2 g5 42. g3 Kf7 43. Kg2 Kg6 44. Kf3 fxg3+ 45. Kxg3 Rc6 46. Rb5 Rd6 47. Rc5 Ra6 48. Rc8 Rb6 49. Rg8+ Kh7 50. Rd8 Kg6 51. Rd7 Rc6 52. Kf3 Rc3+ 53. Ke4 Rc4+ 54. Kf3 Rc6 55. Rd4 Rb6 56. Ke4 Rf6 57. Ke3 h5 58. gxh5+ Kxh5 59.
Rd8 Re6+ 60. Kf3 Ra6 61. Kg3 Ra3+ 62. f3 Ra4 63. Rh8+ Kg6 64. Rb8 Kf5 65. Rb5+ Kg6 66. Rb3 Kf5 67. Re3 g4 68. fxg4+ Rxg4+ 69. Kf2 Rf4+ 70. Rf3 Rxf3+ 71. Kxf3 1/2-1/2

[Event "Late-Titled-Tuesday-Blitz-February-06-2024"]
[Site "Chess.com"]
[Date "2024.02.06"]
[Round "5"]
[White "KuzubovYuriy"]
[Black "SpeedofLight0"]
[Result "0-1"]
[WhiteElo "2906"]
[BlackElo "3048"]
[TimeControl "180+1"]
[EndTime "14:54:42 PST"]
[Termination "SpeedofLight0 won on time"]

1. d4 Nf6 2. Nf3 d6 3. Nc3 Nbd7 4. e4 e5 5. Bc4 Be7 6. O-O O-O 7. Re1 c6 8. a4 a5 9. h3 Qc7 10. Be3 h6 11.
Ba2 Re8 12. Qd3 Nf8 13. Nd2 Be6 14. Bxe6 Nxe6 15. d5 Nf4 16. Bxf4 exf4 17. Qf3 Nd7 18. dxc6 bxc6 19. Nc4 Ne5 20. Nxe5 dxe5 21. Rad1 Bc5 22.
Nb1 Rad8 23. Nd2 Rd4 24. Nb3 Rxd1 25. Rxd1 Bb6 26. Kf1 Qa7 27. Qe2 Qe7 28. Nd2 Rd8 29. Nb3 Rc8 30. c3 Rb8 31. Qc2 f3 32. gxf3 Qh4 33.
Kg2 Qg5+ 34. Kf1 Qf4 35. Rd3 Bxf2 36. Nd2 Qh2 37. f4 Bh4 38. Rf3 Qh1+ 39. Ke2 Rd8 0-1

[Event "Late-Titled-Tuesday-Blitz-February-06-2024"]
[Site "Chess.com"]
[Date "2024.02.06"]
[Round "5"]
[White "DanielNaroditsky"]
[Black "sergiochess83"]
[Result "1-0"]
[WhiteElo "3204"]
[BlackElo "2910"]
[TimeControl "180+1"]
[EndTime "14:54:42 PST"]
[Termination "DanielNaroditsky won on time"]

1. e4 e5 2. Nf3 Nc6 3. Nc3 Nf6 4. g3 g6 5. Bg2 Bg7 6. O-O O-O 7. d3 d6 8. h3 Nd7 9. Bg5 f6 10. Be3 f5 11. exf5 gxf5 12. Ng5 Nf6 13. f4 h6 14. Nf3 exf4 15. Bxf4 Nh5 16. Qd2 Nxf4 17. Qxf4 Be6 18. Rae1 Qd7 19. d4 Bf7 20. d5 Ne7 21. Nd4 Ng6 22.
Qd2 Bxd4+ 23. Qxd4 Rae8 24. Qxa7 b6 25. Qa4 Qxa4 26. Nxa4 Rxe1 27. Rxe1 f4 28. Nc3 fxg3 29. Re3 Re8 30. Rxg3 Kf8 31. Kf2 Nf4 32. Be4 Re5 33. Rf3 1-0

[Event "Late-Titled-Tuesday-Blitz-February-06-2024"]
[Site "Chess.com"]
[Date "2024.02.06"]
[Round "5"]
[White "Nouali_Mohamed"]
[Black "Felix-Rose"]
[Result "1-0"]
[WhiteElo "2575"]
[BlackElo "2386"]
[TimeControl "180+1"]
[EndTime "14:54:42 PST"]
[Termination "Nouali_Mohamed won on time"]

1. e4 e5 2. Bc4 Nf6 3. Nc3 Nc6 4. d3 Bc5 5. f4 d6 6. Nf3 h6 7. Na4 Bb6 8. Nxb6 axb6 9. O-O O-O 10. a4 exf4 11. Bxf4 d5 12. exd5 Nxd5 13. Bxd5 Qxd5 14.
Bxc7 Bg4 15. Bxb6 Ra6 16. c4 Qd7 17. a5 Rfa8 18. Qd2 Bxf3 19. gxf3 Ne5 20. Rad1 Qf5 21.
Qe2 Ng6 22. Qe4 Qf6 23. f4 Qxb2 24. f5 Ne5 25. Bd4 1-0

[Event "Late-Titled-Tuesday-Blitz-February-06-2024"]
[Site "Chess.com"]
[Date "2024.02.06"]
[Round "5"]
[White "SocoLoco"]
[Black "Jahonas"]
[Result "0-1"]
[WhiteElo "2176"]
[BlackElo "2370"]
[TimeControl "180+1"]
[EndTime "14:54:42 PST"]
[Termination "Jahonas won on time"]

1. e4 c6 2. b3 d5 3. Bb2 dxe4 4. Nc3 Nf6 5. Nge2 Bf5 6. Ng3 Bg6 7. Qe2 e6 8. Ngxe4 Nbd7 9. g3 Be7 10. Bg2 O-O 11.
O-O Qc7 12. a3 Rfe8 13. d4 Rad8 14. Rad1 Nxe4 15. Nxe4 Nf6 16. c4 Nxe4 17. Bxe4 Bf6 18. Bxg6 hxg6 19. f4 Qb6 20. Qd3 c5 21. Kg2 Bxd4 22.
Bxd4 Rxd4 23. Qc2 Red8 24. Rxd4 Rxd4 25. Rf2 Qc6+ 26. Kh3 Qd7 27. Kg2 Rd1 28. b4 Qc6+ 29. Kh3 Qd7 30. Kg2 Qc6+ 31. Kh3 Rd4 32. Rd2 e5 33.
Rxd4 exd4 34. bxc5 Qxc5 35. Qd3 Qf5+ 36. Qxf5 gxf5 37.
Kg2 Kf8 38. Kf2 Ke7 39. Ke2 Kd6 40. Kd3 Kc5 41. a4 b6 42. h3 g6 43. g4 fxg4 44.
hxg4 f6 45. f5 g5 46. a5 bxa5 47. Ke4 Kxc4 0-1

[Event "Late-Titled-Tuesday-Blitz-February-06-2024"]
[Site "Chess.com"]
[Date "2024.02.06"]
[Round "5"]
[White "GMBenjaminBok"]
[Black "JoakimVonAnd"]
[Result "1-0"]
[WhiteElo "2998"]
[BlackElo "2667"]
[TimeControl "180+1"]
[EndTime "14:54:45 PST"]
[Termination "GMBenjaminBok won by checkmate"]

1. d4 d5 2. c4 e6 3. Nc3 c5 4. cxd5 exd5 5. Nf3 Nf6 6. g3 Nc6 7. Bg2 cxd4 8. Nxd4 Bc5 9. Nxc6 bxc6 10. O-O O-O 11.
Na4 Bd6 12. Qc2 Bd7 13. b3 Re8 14. Bb2 h5 15. Rfe1 Qc8 16. Bxf6 gxf6 17. e4 h4 18. Qd2 h3 19. Bh1 Kg7 20. exd5 cxd5 21.
Qxd5 Rxe1+ 22. Rxe1 Bb4 23. Rd1 Bg4 24. Bf3 Rb8 25. Nb2 Rb5 26. Bxg4 Qxg4 27. Qxb5 Bc3 28. Qc4 Qf3 29. Qd5 Qe2 30. Qd3 Qxb2 31. Qf3 Qc2 32.
Qg4+ Kf8 33. Rd8+ Ke7 34. Qd7# 1-0

[Event "Late-Titled-Tuesday-Blitz-February-06-2024"]
[Site "Chess.com"]
[Date "2024.02.06"]
[Round "5"]
[White "Njal28"]
[Black "Korchmar_Vasiliy"]
[Result "0-1"]
[WhiteElo "3001"]
[BlackElo "2736"]
[TimeControl "180+1"]
[EndTime "14:54:45 PST"]
[Termination "Korchmar_Vasiliy won on time"]

1. d4 d5 2. c4 c6 3. Nf3 Nf6 4. Nc3 a6 5. Qc2 Bg4 6. Ne5 Be6 7. cxd5 cxd5 8. Bf4 g6 9. Qb3 Nc6 10. Qxb7 Nxd4 11. O-O-O Nb5 12. Nxb5 axb5 13. e4 Bg7 14. Bxb5+ Kf8 15. Nc6 Qe8 16. Nxe7 Bd7 17. Bxd7 Nxd7 18.
Bd6 Rxa2 19. Nxg6+ Kg8 20. Ne7+ Kf8 21. Nxd5+ Kg8 22.
Ne7+ Kf8 23. Nf5+ Kg8 24. Nxg7 Kxg7 25. Qxd7 Qxe4 26. Bc5 Qc4+ 27. Kd2 Rxb2+ 28. Ke3 Rb3+ 29. Rd3 Re8+ 0-1